 Dungeon Crawl Stone Soup version 0.15.0-11-g6f4f891 (webtiles) character file.

46 RobertPalmer the Caller (level 3, 0/31 HPs)
             Began as an Octopode Summoner on Aug 31, 2014.
             Succumbed to an adder's poison
             ... on Level 2 of the Dungeon.
             The game lasted 00:04:18 (1641 turns).

RobertPalmer the Caller (Octopode Summoner)         Turns: 1641, Time: 00:04:18

HP   0/31        AC 21     Str 12      XL: 3   Next: 68%
MP   1/6         EV  2     Int 18      God:
Gold 103         SH  0     Dex 12      Spells:  2 memorised,  2 levels left

rFire  . . .     SeeInvis .     (no weapon)
rCold  . . .     Clarity  .     (no shield)
rNeg   + + +     rCorr    .     (helmet restricted)
rPois  +         rRot     .     (no amulet)
rElec  .         Spirit   .     (no ring)
SustAb .         Warding  .     (no ring)
rMut   .         NoTele   +     (ring currently unavailable)
Gourm  .                        (ring currently unavailable)
MR     .....                    (ring currently unavailable)
                                (ring currently unavailable)
                                (ring currently unavailable)
                                (ring currently unavailable)

@: mighty, lethally poisoned, tree-form, not resistant to hostile enchantments,
fairly stealthy
A: almost no armour, amphibious, (8 rings), (constrict 8), (camouflage 0),
(gelatinous body 0)
a: no special abilities


You were on level 2 of the Dungeon.
You were not hungry.
You were an animated tree.
You visited 1 branch of the dungeon, and saw 2 of its levels.

You collected 103 gold pieces.


Innate Abilities, Weirdness & Mutations

You cannot wear most types of armour.
You are amphibious.
((You can wear up to eight rings at the same time.))
((You can use your tentacles to constrict many enemies at once.))
((Your skin changes colour to match your surroundings (Stealth).))
((Your rubbery body absorbs attacks (AC +1).))


   Skills:
 - Level 2.2 Dodging
 - Level 3.0 Stealth
 - Level 2.1 Spellcasting
 + Level 4.9 Summonings


You had 2 spell levels left.
You knew the following spells:

 Your Spells              Type           Power        Failure   Level  Hunger
x - Call Canine Familiar  Summ           ###.....     10%         3    ####...
z - Summon Small Mammal   Summ           ###.         1%          1    #......

Inventory:

Missiles
 d - 3 tomahawks (quivered)
Comestibles
 c - 3 bread rations
 f - 2 chunks of hobgoblin flesh {@*1}
 h - a rotting chunk of goblin flesh {@*1}
 i - a rotting chunk of worm flesh {@*1}
 k - a chunk of adder flesh {@*1}
 m - a chunk of jackal flesh {@*1}
Scrolls
 e - 3 scrolls of identify {unknown}
 g - a scroll of blinking {unknown}
Books
 b - a book of Callings

Dungeon Overview and Level Annotations

Branches:
Dungeon (2/15)

Altars:

#........###.#
#.#.#
#.............#
#.#.#
#.#........#####
#.#.# #.
##.##...###
#.#.##### #
#.####.###.#
#####.#.....# .#
#.#
#.#####.......###.#
#. #..
#......###%### #.#
# ...# ##.##### #.#
#.# #.###♣## #.#
#.# #.#h## #.# #.#
#%######## #.# #.#
#....>.... ..# #.#
####...... ..# #.#
#### .## #.# #. #.#
. #.# #.#


You could see a friendly hound.


Message History

Drink which item? (? for menu, Esc to quit)
You can't drink that!
Drink which item? (? for menu, Esc to quit)
You feel very mighty all of a sudden.
It was a potion of might.
* * * LOW HITPOINT WARNING * * *
You feel sick.
Your hound bites the adder.
Your hound bites the adder.
Drink which item? (? for menu, Esc to quit)
You turn into an animated tree.
Your roots penetrate the ground.
It was a potion of lignification.
* * * LOW HITPOINT WARNING * * *
You feel sick.
Your hound bites the adder.
The adder bites your hound.
Drink which item? (? for menu, Esc to quit)
You feel slightly nauseous.
It was a potion of poison.
* * * LOW HITPOINT WARNING * * *
You feel sick. The adder bites your hound.
Your hound bites the adder.
The adder dies!
There is a lethal amount of poison in your body!
There is a lethal amount of poison in your body!
There is a lethal amount of poison in your body!
There is a lethal amount of poison in your body!
* * * LOW HITPOINT WARNING * * *
You feel sick.
* * * LOW HITPOINT WARNING * * *
You feel sick.
* * * LOW HITPOINT WARNING * * *
You feel sick.
* * * LOW HITPOINT WARNING * * *
You feel sick.
You die...

Action                   || total
-------------------------++-------
Melee: Unarmed           ||    82
 Cast: Summon Small Mamm ||     9
       Call Canine Famil ||     5
  Use: Potion            ||     3
 Stab: Sleeping          ||     1
  Eat: Chunk             ||     3

Vault maps used:
D:1:      dpeg_arrival_erosion, minmay_misc_feat_roman
D:2:      first_bread, glass_columns_c

Notes
Turn   | Place    | Note
--------------------------------------------------------------
     0 | D:1      | RobertPalmer, the Octopode Summoner, began the quest for the Orb.
     0 | D:1      | Reached XP level 1. HP: 11/11 MP: 3/3
   290 | D:1      | Reached XP level 2. HP: 17/17 MP: 4/4
   411 | D:1      | Reached skill level 3 in Stealth
  1244 | D:2      | Reached XP level 3. HP: 21/21 MP: 6/6
  1257 | D:2      | Learned a level 3 spell: Call Canine Familiar
  1638 | D:2      | HP: 3/31 [poisoned by an adder]
  1640 | D:2      | HP: 1/31 [poisoned by an adder]
  1641 | D:2      | Succumbed to an adder's poison

Vanquished Creatures
  6 bats (D:1)
  5 hobgoblins
  2 kobolds
  A giant newt (D:2)
  2 goblins
  3 rats
19 creatures vanquished.

Vanquished Creatures (collateral kills)
  2 adders (D:2)
  A worm (D:2)
  2 giant cockroaches
  2 goblins
  3 hobgoblins
  4 jackals (D:2)
  2 rats (D:2)
16 creatures vanquished.

Vanquished Creatures (others)
  A rat (D:2)
1 creature vanquished.

Grand Total: 36 creatures vanquished
